 Dungeon Crawl Stone Soup version 0.18.1-5-g4a78601 (webtiles) character file.

96 epen the Ducker (level 4, -4/22 HPs)
             Began as a Felid Monk on May 14, 2016.
             Was a Believer of Makhleb.
             Killed from afar by an orc wizard (6 damage)
             ... with a magic dart
             ... on level 2 of the Dungeon.
             The game lasted 00:04:24 (2674 turns).

epen the Ducker (Felid Monk)                        Turns: 2674, Time: 00:04:24

Health: -4/22      AC:  1    Str:  7    XL:     4   Next: 41%
Magic:  5/5        EV: 21    Int: 11    God:    Makhleb [**....]
Gold:   98         SH:  0    Dex: 19    Spells: 0 memorised, 3 levels left
                                        Lives:  0   Deaths: 1

rFire  . . .     SeeInvis +       - Unarmed
rCold  . . .     Gourm    .     (armour unavailable)
rNeg   . . .     Faith    .     (shield unavailable)
rPois  .         Spirit   .     (helmet unavailable)
rElec  .         Dismiss  .     (cloak unavailable)
rCorr  .         Reflect  .     (gloves unavailable)
SustAt +         Harm     .     (boots unavailable)
MR     .....                    (no amulet)
Stlth  +++.......               (no ring)
                                e - ring of sustain attributes

@: quick, not resistant to hostile enchantments, fairly stealthy
A: no armour, no weapons or thrown items, claws 1, fangs 3, see invisible,
carnivore 3, speed 1, shaggy fur 1, slow metabolism 1, sharp paws
a: Minor Destruction, Renounce Religion


You were on level 2 of the Dungeon.
You worshipped Makhleb.
Makhleb was pleased with you.
You were not hungry.

You visited 2 branches of the dungeon, and saw 5 of its levels.

You collected 98 gold pieces.

Inventory:

Jewellery
 e - a ring of sustain attributes (left paw)
Scrolls
 b - 3 scrolls of remove curse {unknown}
 d - 2 scrolls of enchant armour {unknown}
 h - a scroll of identify {unknown}
 i - a scroll of fog {unknown}
 l - a scroll of noise {unknown}
Potions
 c - a potion of curing
 f - a potion of flight {unknown}
 j - a potion of agility {unknown}
 k - a potion of degeneration {unknown}
Comestibles
 a - a meat ration
 g - a royal jelly


   Skills:
 + Level 3.9 Fighting
 * Level 5.2 Dodging
 + Level 3.8 Stealth
 * Level 4.8 Unarmed Combat
 * Level 0.0 Invocations


You had 3 spell levels left.
You didn't know any spells.

Dungeon Overview and Level Annotations

Branches:
Dungeon (4/15)             Temple (1/1) D:4

Altars:
Cheibriados
Dithmenos
Elyvilon
Fedhas
Gozag
Kikubaaqudgha
Makhleb
Nemelex Xobeh
Okawaru
Pakellas
Qazlal
Ru
Sif Muna
Trog
Vehumet
Xom
Yredelemnul
Zin
The Shining One


Innate Abilities, Weirdness & Mutations

You cannot wear armour.
You are incapable of wielding weapons or throwing items.
You have sharp claws.
You have razor-sharp teeth.
You have supernaturally acute eyesight.
You are carnivorous and can eat meat at any time.
You cover ground quickly.
You are covered in fur (AC +1).
You have a slow metabolism.
Your sharp claws are effective at attacking unaware monsters.


Message History

The orc shouts!
A giant newt comes into view.
The orc wizard closely misses you.
The orc wizard points at you and mumbles some strange words.
The magic dart hits you!
The orc wizard gestures at you while chanting.
The magic dart hits you!
* * * LOW HITPOINT WARNING * * *
The orc wizard closely misses you. The orc wizard hits you with a dagger.
* * * LOW HITPOINT WARNING * * *
The orc wizard looks braver for a moment.
The orc wizard hits you but does no damage.
There is a stone staircase leading up here.
The orc wizard misses you. The orc wizard barely misses you.
You climb upwards.
There is a stone staircase leading down here.
The orc wizard gestures at you while chanting.
The magic dart hits you!
You die...

#....########.## #.#....#
#..............# #.####.#
#.###########..# #.# #.# #<# #..#
#.# #.# ### ### #.# #..# #.# #.#
#.. #.###.# #..###.# #.# #.#
.#.##.# ### ##......# #.# #.#
###...# ##.####...##..####.###.#
.#.#### ##†#....@>..............#
#.#######.###.#...o##.###########
#.##.....## ##.....##.#
.....####.###.#....##.#
..........(#.......##.#
............###.(#.##.#
......####..# #.......#
.....#####..###.<#.####
...................#


You could see an orc wizard.

Vanquished Creatures
  An orc priest (D:3)
  3 adders
  2 oozes
  2 worms (D:2)
  2 dart slugs
  A giant gecko (D:2)
  5 orcs (D:3)
  6 giant cockroaches
  9 goblins
  7 hobgoblins
  A quokka (D:2)
  3 bats
  A giant newt (D:2)
  11 kobolds
  6 rats
60 creatures vanquished.

Notes
Turn   | Place    | Note
--------------------------------------------------------------
     0 | D:1      | epen the Felid Monk began the quest for the Orb.
     0 | D:1      | Reached XP level 1. HP: 10/10 MP: 2/2
   159 | D:1      | Reached XP level 2. HP: 11/14 MP: 3/3
   669 | D:1      | Reached XP level 3. HP: 17/17 MP: 4/4
  1350 | D:2      | Found a glowing golden altar of the Shining One.
  1532 | D:2      | Reached XP level 4. HP: 19/21 MP: 5/5
  1900 | D:3      | Killed from afar by an orc priest
  1901 | D:3      | Reached XP level 3. HP: -7/17 MP: 4/4
  2001 | D:3      | Reached skill level 5 in Dodging
  2054 | D:3      | Reached XP level 4. HP: 22/22 MP: 5/5
  2190 | D:4      | Found a staircase to the Ecumenical Temple.
  2198 | Temple   | Entered the Ecumenical Temple
  2453 | Temple   | Became a worshipper of Makhleb the Destroyer
  2453 | Temple   | Reached * piety under Makhleb
  2453 | Temple   | Reached ** piety under Makhleb
  2598 | D:3      | Found a sacrificial altar of Ru.
  2659 | D:3      | HP: 1/22 [orc wizard/dagger (6)]
  2674 | D:2      | Killed from afar by an orc wizard

Skill      XL: |  1  2  3 |
---------------+----------+-----
Stealth        | 3 |  3.8
Dodging        | 5 |  5.2
Fighting       | |  3.9
Unarmed Combat | |  4.8

Action                   |  1- 3 |  4- 6 || total
-------------------------+-------+-------++-------
Melee: Unarmed           |   116 |    49 ||   165
       Bite              |    11 |     2 ||    13
       Punch             |     4 |       ||     4
  Use: Potion            |     1 |       ||     1
 Stab: Sleeping          |    12 |     3 ||    15
  Eat: Chunk             |       |     2 ||     2
Armor: Skin              |     4 |       ||     4
Dodge: Dodged            |    95 |    37 ||   132
